 Dungeon Crawl Stone Soup version 0.24.0 (webtiles) character file.

Game seed: 14887133552496345674, levelgen mode: classic

214123 EnegeticOcto the Champion of Chaos (level 18, 0/165 HPs)
             Began as a Deep Dwarf Fighter on Oct 25, 2019.
             Was the Champion of Makhleb.
             Slain by an azure jelly (5 damage)
             ... on level 2 of the Pits of Slime.
             The game lasted 00:30:01 (26251 turns).

EnegeticOcto the Champion of Chaos (DDFi)          Turns: 26251, Time: 00:30:01

Health: 0/165      AC:  0    Str: 27    XL:     18   Next: 29%
Magic:  0/7        EV: 10    Int: 13    God:    Makhleb [******]
Gold:   595        SH: 32    Dex: 15    Spells: 17/17 levels left

rFire    + . .     SeeInvis .   g - +9 broad axe (elec)
rCold    + . .     Gourm    .   N - +18 shield of the Gong {rElec rN+ MR+ EV-5}
rNeg     + + .     Faith    .   P - +2 plate armour {rPois}
rPois    +         Spirit   .   v - +1 hat {Int+3}
rElec    +         Reflect  .   j - +2 cloak {MR+}
rCorr    +         Harm     .   W - +1 pair of gloves {Dex+3}
MR       ++++.                  T - +2 pair of boots of the Butterfly {rC+}
Stlth    ..........             (no amulet)
HPRegen  0.00/turn              K - ring of resist corrosion
MPRegen  0.10/turn              i - ring of protection from fire

@: corroded, non-regenerating
A: damage resistance, heal wounds, negative energy resistance 1, sense
surroundings 3, subdued magic 1, no regeneration
}: 1/15 runes: gossamer
a: Heal Wounds, Minor Destruction, Lesser Servant of Makhleb, Major Destruction,
Greater Servant of Makhleb, Renounce Religion


You were on level 2 of the Pits of Slime.
You worshipped Makhleb.
Makhleb was exalted by your worship.
You were not hungry.

You visited 8 branches of the dungeon, and saw 34 of its levels.
You visited 2 bazaars.
You also visited: Ice Cave.

You collected 3687 gold pieces.
You spent 3092 gold pieces at shops.

Inventory:

Hand Weapons
 g - a +9 broad axe of electrocution (weapon)
 R - a +6 broad axe of venom
Missiles
 L - 3 throwing nets (quivered) {!f}
Armour
 j - a +2 cloak of magic resistance (worn)
 v - a +1 hat of intelligence (worn)
 y - a scarf of repulsion
 N - the +18 shield of the Gong (worn) {rElec rN+ MR+ EV-5}
   (You acquired it on level 1 of the Swamp)

   It affects your evasion (-5).
   It insulates you from electricity.
   It protects you from negative energy.
   It affects your resistance to hostile enchantments.
 P - a +2 plate armour of poison resistance (worn)
 T - the +2 pair of boots of the Butterfly (worn) {rC+}
   (You bought it in a shop on level 2 of the Orcish Mines)

   It protects you from cold.
 V - a +2 plate armour of fire resistance
 W - a +1 pair of gloves of dexterity (worn)
Jewellery
 i - a ring of protection from fire (right hand)
 n - a +3 ring of strength
 K - a ring of resist corrosion (left hand)
Wands
 f - a wand of enslavement (16)
 m - a wand of paralysis (20)
 q - a wand of acid (24)
 A - a wand of digging (20)
 D - a wand of flame (70)
 E - a wand of disintegration (34)
 O - a wand of iceblast (35)
 Q - a wand of polymorph (5)
 Y - a wand of scattershot (7)
Scrolls
 a - 2 scrolls of identify {@r1}
 b - 5 scrolls of enchant armour
 h - 6 scrolls of magic mapping {@r5 !r}
 l - 14 scrolls of teleportation {@r3 !r}
 x - 4 scrolls of fear {!r}
 B - 12 scrolls of remove curse {@r2}
 H - 3 scrolls of blinking {@r4}
 I - 2 scrolls of immolation
 Z - a scroll of summoning
Potions
 d - 6 potions of might {@q3 !q}
 k - 5 potions of haste {@q4 !q}
 o - 5 potions of ambrosia
 p - 4 potions of agility {@q5 !q}
 r - 4 potions of flight
 s - 5 potions of resistance
 t - 8 potions of curing {@q1 !q}
 u - 7 potions of magic
 w - 4 potions of lignification {@q6}
 z - 7 potions of heal wounds {@q2 !q}
 C - 3 potions of brilliance
 F - 4 potions of mutation
 G - 3 potions of cancellation
 M - 4 potions of invisibility
Miscellaneous
 c - a lamp of fire
 S - a phial of floods
 U - 2 phantom mirrors
Comestibles
 e - 60 rations


   Skills:
 + Level 11.5 Fighting
 - Level 18.0 Axes
 + Level 13.4 Armour
 + Level 13.2 Dodging
 + Level 13.5 Shields
 * Level 19.5 Invocations
 - Level 6.0 Evocations


You had 17 spell levels left.
You didn't know any spells.
Your spell library contained the following spells:

 Spells                   Type           Power        Failure   Level  Hunger
 Animate Skeleton         Necr           N/A          94%         1    ##.....
 Confusing Touch          Hex            #.....       94%         1    ##.....
 Flame Tongue             Conj/Fire      #....        94%         1    ##.....
 Freeze                   Ice            #...         94%         1    ##.....
 Magic Dart               Conj           #...         94%         1    ##.....
 Pain                     Necr           #...         94%         1    ##.....
 Sandblast                Erth           #.....       94%         1    ##.....
 Sting                    Conj/Pois      #...         94%         1    ##.....
 Blink                    Tloc           N/A          98%         2    ###....
 Call Imp                 Summ           #.......     98%         2    ###....
 Passwall                 Tmut/Erth      #.......     98%         2    ###....
 Poisonous Vapours        Pois/Air       #.....       98%         2    ###....
 Searing Ray              Conj           #.....       98%         2    ###....
 Slow                     Hex            #.......     98%         2    ###....
 Throw Flame              Conj/Fire      #.....       98%         2    ###....
 Throw Frost              Conj/Ice       #.....       98%         2    ###....
 Confuse                  Hex            #.......     100%        3    ####...
 Conjure Flame            Conj/Fire      #.......     100%        3    ####...
 Gell's Gravitas          Tloc           #.........   100%        3    ####...
 Inner Flame              Hex/Fire       #.......     100%        3    ####...
 Mephitic Cloud           Conj/Pois/Air  #.......     100%        3    ####...
 Ozocubu's Armour         Chrm/Ice       #.......     100%        3    ####...
 Stone Arrow              Conj/Erth      #.....       100%        3    ####...
 Vampiric Draining        Necr           #.........   100%        3    ####...
 Animate Dead             Necr           N/A          100%        4    #####..
 Olgreb's Toxic Radiance  Pois           #.......     100%        4    #####..
 Petrify                  Tmut/Erth      #.......     100%        4    #####..
 Sticky Flame             Conj/Fire      #.......     100%        4    #####..
 Summon Ice Beast         Ice/Summ       #.......     100%        4    #####..
 Throw Icicle             Conj/Ice       #.......     100%        4    #####..
 Bolt of Magma            Conj/Fire/Erth #.........   100%        5    ######.
 Fireball                 Conj/Fire      #.........   100%        5    ######.
 Iskenderun's Battlesphe  Conj/Chrm      #.......     100%        5    ######.
 Lee's Rapid Deconstruct  Erth           #.........   100%        5    ######.
 Metabolic Englaciation   Hex/Ice        #.........   100%        5    ######.
 Venom Bolt               Conj/Pois      #.........   100%        5    ######.
 Yara's Violent Unravell  Hex/Tmut       #.........   100%        5    ######.
 Conjure Ball Lightning   Conj/Air       #.........   100%        6    #######
 Iron Shot                Conj/Erth      #.........   100%        6    #######
 Orb of Destruction       Conj           #.........   100%        7    #######
 Spellforged Servitor     Conj/Summ      #.........   100%        7    #######
 Regeneration             Chrm/Necr      Unusable     N/A         3    N/A

Dungeon Overview and Level Annotations

Branches:
Dungeon (14/15)            Temple (1/1) D:6            Lair (6/6) D:8
  Swamp (4/4) Lair:4       Spider (4/4) Lair:2        Slime (2/5) Lair:6
    Orc (2/2) D:11            Elf (0/3) Orc:2        Vaults (1/5) D:13
  IceCv (visited)

Altars:
Ashenzari
Cheibriados
Elyvilon
Gozag
Hepliaklqana
Kikubaaqudgha
Makhleb
Nemelex Xobeh
Okawaru
Qazlal
Ru
Sif Muna
Uskayaw
Vehumet
Wu Jian
Xom
Yredelemnul
Zin
The Shining One
Beogh

Shops:
D:8 }   Orc:2 }([*   Vaults:1 *([[

Annotations:
D:4 2 transporters, barb4r1an's ghost, novice OpTm
D:8 2 runed translucent doors
D:14 2 transporters, Qymaymp's ghost, adept GrEE
Lair:4 exclusion: oklob plant


Innate Abilities, Weirdness & Mutations

You are resistant to damage.
You can heal yourself by infusing magical energy.
You resist negative energy. (rN+)
You passively map a large area around you.
You do not regenerate.
Your spells are a little easier to cast, but a little less powerful.


Message History

You feel much better. The acid blob spits acid at you.
The splash of acid hits you. You resist.
You are splashed with acid.
You resist.
You block the large slime creature's attack.
BOUMMMMG!
You block the acid blob's attack.
PANG!
The acid blob spits acid at you. The splash of acid hits you! You resist.
You are splashed with acid.
You resist. The acid blob spits acid at you. You block the splash of acid.
GONNNNG!
The azure jelly hits you but does no damage. x3
You block the azure jelly's attack.
GONNNNG!
An enormous slime creature splits.
The slime creature hits you.
A titanic slime creature splits.
You block the acid blob's attack.
BOUMMMMG!
You slice the acid blob!!
Your hands burn!
The acid blob is severely wounded.
You slice the azure jelly!! You slice the acid blob!! The acid corrodes you!
Your hands burn!
You hit the acid blob but do no damage.
Your hands burn!
You hit the acid blob but do no damage. The acid corrodes you!
Your hands burn!
You hit the large slime creature but do no damage.
You slash the acid blob!
Lightning courses through the acid blob!
Your hands burn!
You slash the slime creature! You block the acid blob's attack.
GONNNNG!
You block the large slime creature's attack.
PTOANNNG!
You block the acid blob's attack.
PTOANNNG!
The acid blob spits acid at you. The splash of acid hits you. You resist.
* * * LOW HITPOINT WARNING * * *
You are splashed with acid.
You resist.
* * * LOW HITPOINT WARNING * * *
The acid blob spits acid at you. The splash of acid hits you. You resist.
* * * LOW HITPOINT WARNING * * *
You are splashed with acid.
You resist. The azure jelly barely misses you. The azure jelly hits you.
The azure jelly freezes you! You resist.
* * * LOW HITPOINT WARNING * * *
You block the azure jelly's attack.
BOUMMMMG!
The azure jelly hits you!
* * * LOW HITPOINT WARNING * * *
The eye of draining gazes at you.
You hit the acid blob.
Lightning courses through the acid blob!
Your hands burn!
The acid blob is almost dead.
You hit the azure jelly but do no damage.
You hit the acid blob.
Lightning courses through the acid blob!
Your hands burn!
You hit the acid blob but do no damage.
Lightning courses through the acid blob!
Your hands burn!
You slash the acid blob!
Your hands burn!
* * * LOW HITPOINT WARNING * * *
You hit the large slime creature but do no damage.
Lightning courses through the large slime creature!
You slice the acid blob!!
You kill the acid blob!
Makhleb accepts your kill.
You feel better.
Training target 18.0 for Axes reached!
Your Axes skill increases to level 18!
You slash the slime creature!
Lightning courses through the slime creature!
The acid blob spits acid at you. You block the splash of acid.
PANG!
Two slime creatures merge to form an enormous slime creature.
You block the slime creature's attack.
GONNNNG!
The acid blob spits acid at you. The splash of acid hits you. You resist.
* * * LOW HITPOINT WARNING * * *
You are splashed with acid.
You resist. The acid blob spits acid at you. You block the splash of acid.
PTOANNNG!
The acid blob hits you!!
* * * LOW HITPOINT WARNING * * *
You are splashed with acid.
You resist.
* * * LOW HITPOINT WARNING * * *
The azure jelly hits you!
* * * LOW HITPOINT WARNING * * *
The azure jelly freezes you! You resist.
* * * LOW HITPOINT WARNING * * *
The azure jelly hits you.
* * * LOW HITPOINT WARNING * * *
The azure jelly freezes you! You resist.
* * * LOW HITPOINT WARNING * * *
You block the azure jelly's attack.
GONNNNG!
The azure jelly hits you!
You die...

, ,
.#............. >,
* * ,,
........#....... ,
** * ,, ,
,........#.......,
, , ,
................
....#...........,,
** * , *
........>......# ,
,.......JJ.......*
, ,
,......JJJJ.....#*
>,,,
,......JJ@JG...#.
,, ,,
,......GJJJ......
, ,
..#......#......*
,, ,
.....#......##..
,, ,
.............. .,
*, ,
............#.. ,
* ,
.#...<......#... ,
, , ,,.#..........
.. ,, ,* ,,, ,
,,.#.......... ,,


You could see 4 acid blobs, 2 azure jellies, an enormous slime creature, a very
large slime creature, 2 large slime creatures, 2 slime creatures and 2 eyes of
draining.

Vanquished Creatures
  Gastronok (Orc:1)
  3 acid blobs (Slime:2)
  A thorn hunter (Swamp:2)
  Kirke (Lair:6)
  2 ghost moths
  An emperor scorpion (Spider:4)
  3 vault wardens (Vaults:1)
  Aizul (Swamp:1)
  An ironheart preserver (Vaults:1)
  The ghost of Ponchio the Fighter, a journeyman GrFi of the Shining One (Orc:1)
  A war gargoyle (Vaults:1)
  An entropy weaver (Spider:1)
  2 spark wasps (Spider:4)
  Snorg (Lair:6)
  2 ettins
  5 fire dragons
  A great orb of eyes (Vaults:1)
  3 vault guards (Vaults:1)
  4 shambling mangroves
  13 hydras
  An ice dragon (Lair:6)
  3 rakshasas
  A ghost crab (Swamp:4)
  An anaconda (shapeshifter) (D:13)
  Erica (D:8)
  2 death knights
  17 alligators
  6 two-headed ogres
  3 centaur warriors
  3 ogre magi
  The ghost of mrkaede the Basher, a novice MiMo of the Shining One (D:10)
  A queen ant (Lair:2)
  Urug (Orc:2)
  10 spriggans
  Nergalle (Orc:1)
  A shadow wraith (Vaults:1)
  3 skeletal warriors (Vaults:1)
  3 unseen horrors
  3 fire crabs (Swamp:4)
  2 spriggan druids (Swamp:4)
  4 swamp dragons
  2 lindwurms (Lair:6)
  4 ironbrand convokers (Vaults:1)
  4 orc knights
  10 orb spiders
  A shining eye (Slime:1)
  2 wolf spider zombies
  22 wolf spiders
  A deep elf mage (D:9)
  A moth of wrath (Orc:1)
  8 cyclopes
  2 manticores
  3 necromancers
  5 orc sorcerers
  An ugly thing (D:11)
  A vault sentinel (Vaults:1)
  2 black mambas
  5 torpor snails (Lair:6)
  An eye of devastation (Slime:1)
  A gargoyle (D:14)
  13 spiny frogs
  An ice statue (IceCv)
  8 rime drakes
  3 yaktaurs (Vaults:1)
  An efreet (D:14)
  10 demonic crawlers
  14 freezing wraiths
  2 komodo dragons
  A tengu conjurer (D:14)
  7 trolls
  3 polar bears
  A wolf spider simulacrum (IceCv)
  7 tyrant leeches
  28 jumping spiders
  25 hornets
  15 blink frogs
  A slime creature (shapeshifter) (D:13)
  33 slime creatures
  7 hippogriffs
  13 bog bodies
  A vampire (D:12)
  27 tarantellas
  A shadow (D:14)
  A tarantella (shapeshifter) (Vaults:1)
  79 redbacks
  3 humans (Vaults:1)
  31 yaks
  Eustachio (D:4)
  3 basilisks
  4 hogs (Lair:6)
  A wyvern (D:12)
  3 hungry ghosts
  22 vampire mosquitoes
  2 death yak simulacra (IceCv)
  11 steam dragons
  Menkaure (D:7)
  20 soldier ants (Lair:2)
  15 insubstantial wisps
  14 swamp worms
  9 wargs
  An acid dragon (D:14)
  A water moccasin (shapeshifter) (D:13)
  10 water moccasins
  12 ice beasts
  7 porcupines
  An eye of draining (shapeshifter) (Vaults:1)
  A hornet zombie (D:10)
  14 swamp drakes
  A sky beast (D:13)
  30 orc warriors
  4 black bears
  2 eyes of draining
  3 phantoms
  10 ogres
  5 boggarts (Vaults:1)
  11 centaurs
  2 wolves (D:8)
  15 crocodiles
  15 bullfrogs
  A big kobold (D:10)
  A wyvern zombie (D:12)
  A wyvern skeleton (D:12)
  4 scorpions
  6 killer bees (D:11)
  11 wights
  A howler monkey (D:10)
  4 electric eels
  5 crimson imps
  A lava snake (Swamp:4)
  2 quasits
  4 centaur skeletons
  4 centaur zombies
  10 hounds
  7 draconian simulacra (IceCv)
  15 jellies
  31 orc wizards
  21 orc priests
  Terence (D:3)
  2 bullfrog skeletons
  2 iguanas (D:12)
  31 worker ants
  2 spriggan simulacra (IceCv)
  A polar bear simulacrum (IceCv)
  5 troll simulacra (IceCv)
  A centaur simulacrum (IceCv)
  A howler monkey zombie (D:10)
  2 worker ant zombies (D:9)
  3 gnolls (D:4)
  11 adders
  5 naga simulacra (IceCv)
  3 shadow imps
  12 white imps (IceCv)
  2 oozes
  An adder zombie (D:5)
  2 worms
  A dart slug (D:1)
  7 leopard geckos
  78 orcs
  A ball python (D:4)
  8 bats
  5 giant cockroaches
  5 hobgoblins
  5 jackals
  4 kobolds
  5 quokkas
  7 frilled lizards
  7 goblins
  4 rats
  A butterfly (Lair:2)
  3 fungi
  7 plants
1143 creatures vanquished.

Vanquished Creatures (collateral kills)
  Saint Roka (Orc:2)
  Arachne (Spider:3)
  A ghost moth (Spider:4)
  An emperor scorpion (Spider:4)
  A spark wasp (Spider:4)
  A hydra (Lair:3)
  9 orb spiders
  9 wolf spiders
  An orc knight (Orc:2)
  A torpor snail (Spider:4)
  5 demonic crawlers
  6 jumping spiders
  3 hornets (Spider:4)
  21 redbacks
  6 tarantellas (Spider:4)
  A water moccasin (Lair:3)
  5 orc warriors (Orc:2)
  An orc priest (Orc:2)
  3 orcs (Orc:2)
77 creatures vanquished.

Vanquished Creatures (others)
  A spriggan druid (Swamp:3)
  3 swamp dragons (Swamp:4)
  An orb spider (Spider:1)
  A rime drake (Lair:6)
  A blink frog (Swamp:2)
  3 steam dragons (Swamp:4)
  An orc warrior (Orc:2)
  A swamp drake (Swamp:4)
  An orc priest (D:11)
  2 orc wizards
  A briar patch (Swamp:2)
  A bush (D:8)
  10 fungi
  20 plants
47 creatures vanquished.

Grand Total: 1267 creatures vanquished

Notes
Turn   | Place    | Note
-------+----------+-------------------------------------------
     0 | D:1      | EnegeticOcto the Deep Dwarf Fighter began the quest for the
                  | Orb.
     0 | D:1      | Reached XP level 1. HP: 20/20 MP: 1/1
   263 | D:1      | Reached XP level 2. HP: 24/27 MP: 2/2
  1004 | D:2      | Reached skill level 1 in Dodging
  1011 | D:2      | Reached XP level 3. HP: 27/33 MP: 3/3
  1375 | D:3      | Noticed Terence
  1388 | D:3      | Killed Terence
  1388 | D:3      | Reached XP level 4. HP: 35/42 MP: 4/4
  1602 | D:3      | Reached XP level 5. HP: 34/49 MP: 5/5
  2187 | D:4      | Noticed Eustachio
  2196 | D:4      | Reached XP level 6. HP: 39/56 MP: 6/6
  2250 | D:4      | Killed Eustachio
  2250 | D:4      | Reached skill level 5 in Axes
  2382 | D:4      | Reached XP level 7. HP: 49/63 MP: 4/4
  2399 | D:4      | Found a transporter.
  2402 | D:4      | Noticed barb4r1an's ghost (novice OpTm)
  2462 | D:4      | Found a transporter.
  2618 | D:5      | Entered Level 5 of the Dungeon
  2770 | D:5      | Reached skill level 5 in Armour
  2790 | D:5      | Reached skill level 5 in Shields
  2844 | D:5      | Reached XP level 8. HP: 51/73 MP: 4/4
  3940 | D:6      | Found a staircase to the Ecumenical Temple.
  3950 | Temple   | Entered the Ecumenical Temple
  4034 | Temple   | Became a worshipper of Makhleb the Destroyer
  4246 | D:7      | Reached skill level 5 in Fighting
  4246 | D:7      | Reached skill level 1 in Invocations
  4400 | D:7      | Reached skill level 2 in Invocations
  4400 | D:7      | Gained mutation: You passively map the area around you.
                  | [Deep Dwarf growth]
  4400 | D:7      | Reached XP level 9. HP: 64/81 MP: 5/5
  4478 | D:7      | Reached skill level 5 in Dodging
  4851 | D:7      | Noticed Menkaure
  4864 | D:7      | Killed Menkaure
  4864 | D:7      | Reached skill level 3 in Invocations
  4955 | D:8      | Reached * piety under Makhleb
  5008 | D:8      | Found a runed translucent door.
  5013 | D:8      | Found a runed translucent door.
  5020 | D:8      | Found an opulent altar of Gozag.
  5110 | D:8      | Found Lukhaot's Gadget Shop.
  5116 | D:8      | Bought a wand of acid (6) for 280 gold pieces
  5217 | D:8      | Reached skill level 4 in Invocations
  5296 | D:8      | Reached skill level 5 in Invocations
  5301 | D:8      | Noticed Erica
  5320 | D:8      | Killed Erica
  5320 | D:8      | Reached skill level 6 in Invocations
  5320 | D:8      | Reached XP level 10. HP: 66/91 MP: 9/9
  5323 | D:8      | Found a staircase to the Lair.
  5956 | D:9      | Found a radiant altar of Vehumet.
  6054 | D:9      | Noticed a deep elf mage
  6058 | D:9      | Killed a deep elf mage
  6058 | D:9      | Reached skill level 7 in Invocations
  6118 | D:9      | Reached ** piety under Makhleb
  6254 | D:9      | Found a glowing silver altar of Zin.
  6261 | D:9      | Identified a scroll of acquirement
  6292 | D:10     | Entered Level 10 of the Dungeon
  6311 | D:10     | Noticed mrkaede's ghost (novice MiMo)
  6330 | D:10     | Reached skill level 10 in Axes
  6432 | D:10     | Found a runed translucent gate.
  6432 | D:10     | Found a runed translucent gate.
  6433 | D:10     | Found a runed translucent gate.
  6465 | D:10     | Reached skill level 8 in Invocations
  6465 | D:10     | Killed mrkaede's ghost
  7009 | Lair:1   | Entered Level 1 of the Lair of Beasts
  7029 | Lair:1   | Noticed a four-headed hydra
  7042 | Lair:1   | Killed an 11-headed hydra
  7042 | Lair:1   | Reached XP level 11. HP: 53/99 MP: 8/8
  7363 | Lair:1   | Reached skill level 9 in Invocations
  7953 | Lair:2   | Reached *** piety under Makhleb
  8026 | Lair:2   | Reached skill level 10 in Invocations
  8226 | Lair:2   | Found a hole to the Spider Nest.
  8283 | Lair:2   | Reached **** piety under Makhleb
  8413 | Lair:2   | Noticed a queen ant
  8421 | Lair:2   | Killed a queen ant
  8421 | Lair:2   | Reached XP level 12. HP: 106/109 MP: 7/9
  8981 | Lair:3   | Noticed a four-headed hydra
  8993 | Lair:3   | Killed an eight-headed hydra
  9122 | Lair:3   | Reached skill level 11 in Invocations
 10137 | Lair:4   | Found a staircase to the Swamp.
 11301 | Lair:6   | Entered Level 6 of the Lair of Beasts
 11315 | Lair:6   | Found a frozen archway.
 11325 | IceCv    | Entered an ice cave
 11335 | IceCv    | Reached skill level 12 in Invocations
 11358 | IceCv    | Reached ***** piety under Makhleb
 11457 | IceCv    | Found an ancient bone altar of Kikubaaqudgha.
 11598 | IceCv    | Reached XP level 13. HP: 117/117 MP: 9/9
 11953 | Lair:6   | Found a staircase to the Slime Pits.
 11984 | Lair:6   | Reached skill level 13 in Invocations
 12182 | Lair:6   | Noticed a fire dragon
 12188 | Lair:6   | Killed a fire dragon
 12188 | Lair:6   | Reached skill level 10 in Shields
 12355 | Lair:6   | Reached skill level 10 in Armour
 12366 | Lair:6   | Reached ****** piety under Makhleb
 12380 | Lair:6   | Noticed Kirke
 12384 | Lair:6   | Noticed a sphinx
 12409 | Lair:6   | Killed Kirke
 12742 | Lair:6   | Got a shimmering turquoise ring
 12756 | Lair:6   | Identified the ring of Virtue {Ice Int+3} (You found it on
                  | level 6 of the Lair of Beasts)
 12805 | Lair:6   | Found a runed translucent door.
 13347 | D:11     | Found a staircase to the Orcish Mines.
 13374 | D:11     | Found a transporter.
 13464 | D:11     | Found a roughly hewn altar of Beogh.
 13574 | D:11     | Reached skill level 14 in Invocations
 13593 | D:11     | Found a roughly hewn altar of Beogh.
 13593 | D:11     | Found a transporter.
 13641 | D:11     | Gained mutation: You resist negative energy. (rN+) [Deep
                  | Dwarf growth]
 13641 | D:11     | Reached XP level 14. HP: 125/127 MP: 10/10
 13804 | D:11     | Reached skill level 1 in Evocations
 13919 | D:11     | Reached skill level 10 in Dodging
 14001 | Orc:1    | Entered Level 1 of the Orcish Mines
 14001 | Orc:1    | Noticed Gastronok
 14016 | Orc:1    | Killed Gastronok
 14050 | Orc:1    | Found a roughly hewn altar of Beogh.
 14345 | Orc:2    | Entered Level 2 of the Orcish Mines
 14389 | Orc:2    | Noticed Saint Roka
 14410 | Orc:2    | Killed Saint Roka
 14420 | Orc:2    | Found a roughly hewn altar of Beogh.
 14420 | Orc:2    | Found Gotingaff's Antique Weapon Boutique.
 14424 | Orc:2    | Found Oschaguas's Antique Armour Shop.
 14457 | Orc:2    | Bought a pair of ichor-stained boots for 275 gold pieces
 14467 | Orc:2    | Identified the +2 pair of boots of the Butterfly {rC+} (You
                  | bought it in a shop on level 2 of the Orcish Mines)
 14539 | Orc:2    | Found a roughly hewn altar of Beogh.
 14570 | Orc:2    | Noticed Urug
 14575 | Orc:2    | Found a staircase to the Elven Halls.
 14580 | Orc:2    | Killed Urug
 14802 | Orc:2    | Found a roughly hewn altar of Beogh.
 14890 | Orc:2    | Found a roughly hewn altar of Beogh.
 14907 | Orc:2    | Found Ublau's Assorted Antiques.
 14921 | Orc:2    | Bought a shimmering cloak for 275 gold pieces
 14921 | Orc:2    | Identified the cursed +0 cloak "Woahien" {*Slow Str+4} (You
                  | bought it in a shop on level 2 of the Orcish Mines)
 14940 | Orc:2    | Found a roughly hewn altar of Beogh.
 14974 | Orc:2    | Found a roughly hewn altar of Beogh.
 15103 | Orc:2    | Found a roughly hewn altar of Beogh.
 15104 | Orc:2    | Found Nesheec's Gadget Boutique.
 15127 | Orc:2    | Bought a phantom mirror for 480 gold pieces
 15359 | Orc:1    | Noticed Nergalle
 15370 | Orc:1    | Killed Nergalle
 15432 | Orc:1    | Found a transporter.
 15436 | Orc:1    | Noticed Ponchio's ghost (journeyman GrFi)
 15468 | Orc:1    | Found a transporter.
 15542 | Orc:1    | Killed Ponchio's ghost
 15574 | Orc:1    | Identified the Volume of Icy Arcane Weapons
 15909 | Spider:1 | Entered Level 1 of the Spider Nest
 15913 | Spider:1 | Reached skill level 15 in Invocations
 15986 | Spider:1 | Noticed an entropy weaver
 15994 | Spider:1 | Killed an entropy weaver
 15994 | Spider:1 | Reached XP level 15. HP: 136/136 MP: 11/11
 16019 | Spider:1 | Reached skill level 5 in Evocations
 16495 | Spider:2 | Reached skill level 15 in Axes
 16686 | Spider:2 | Killed a ghost moth
 16900 | Spider:3 | Noticed Arachne
 16905 | Spider:3 | Reached skill level 16 in Invocations
 16967 | Spider:3 | Killed Arachne
 17309 | Spider:4 | Entered Level 4 of the Spider Nest
 17353 | Spider:4 | Reached skill level 10 in Fighting
 17582 | Spider:4 | Reached XP level 16. HP: 129/146 MP: 10/10
 17975 | Spider:4 | Paralysed by a hornet for 3 turns
 18130 | Spider:4 | Reached skill level 17 in Invocations
 18145 | Spider:4 | Got a gossamer rune of Zot
 18398 | Swamp:1  | Entered Level 1 of the Swamp
 18664 | Swamp:1  | Noticed Aizul
 18691 | Swamp:1  | Killed Aizul
 19123 | Swamp:1  | Found the +18 shield of the Gong {rElec rN+ MR+ EV-5}
 19247 | Swamp:2  | Noticed a thorn hunter
 19379 | Swamp:2  | Killed a thorn hunter
 20717 | Swamp:4  | Entered Level 4 of the Swamp
 20748 | Swamp:4  | Reached skill level 18 in Invocations
 20749 | Swamp:4  | Reached XP level 17. HP: 66/154 MP: 9/11
 21380 | Swamp:4  | Found a shimmering blue altar of Sif Muna.
 22833 | D:13     | Found a gate to the Vaults.
 23479 | D:14     | Found a transporter.
 23480 | D:14     | Noticed Qymaymp's ghost (adept GrEE)
 23610 | D:14     | Found a transporter.
 23631 | D:14     | Found a flickering gateway to a bazaar.
 23640 | Bazaar   | Entered a bazaar
 23658 | Bazaar   | Found Ytol's General Store.
 23658 | Bazaar   | Found Zaneedec's Antique Armour Emporium.
 23679 | Bazaar   | Found Waghoalu's Antique Weapon Emporium.
 23694 | Bazaar   | Found Erphelon's Book Shoppe.
 23694 | Bazaar   | Found Gucsefai's Armour Emporium.
 23759 | Bazaar   | Bought an uncursed ring of protection from fire for 300
                  | gold pieces
 23931 | D:14     | Found a glowing silver altar of Zin.
 24406 | Vaults:1 | Entered Level 1 of the Vaults
 24567 | Vaults:1 | Reached skill level 19 in Invocations
 24693 | Vaults:1 | Found Muvek's Armour Emporium.
 24797 | Vaults:1 | Found Liakhax's Antique Weapon Shoppe.
 24823 | Vaults:1 | Found Coelua's General Store.
 24893 | Vaults:1 | Found a gateway to a bazaar.
 24958 | Vaults:1 | Gained mutation: You passively map a large area around you.
                  | [Deep Dwarf growth]
 24958 | Vaults:1 | Reached XP level 18. HP: 165/165 MP: 10/10
 25148 | Vaults:1 | Found Suerph's Armour Shop.
 25684 | Bazaar   | Entered a bazaar
 25684 | Bazaar   | Found Ixasudou's Assorted Antiques.
 25684 | Bazaar   | Found Bups's Antique Weapon Shoppe.
 25684 | Bazaar   | Found Nymeuwecw's Distillery.
 25702 | Bazaar   | Bought a potion of heal wounds for 70 gold pieces
 25702 | Bazaar   | Bought a potion of curing for 42 gold pieces
 25702 | Bazaar   | Bought a potion of ambrosia for 112 gold pieces
 25702 | Bazaar   | Bought a potion of agility for 56 gold pieces
 25702 | Bazaar   | Bought a potion of invisibility for 112 gold pieces
 25702 | Bazaar   | Bought a potion of lignification for 42 gold pieces
 25702 | Bazaar   | Bought a potion of agility for 56 gold pieces
 25702 | Bazaar   | Bought a potion of resistance for 140 gold pieces
 25708 | Bazaar   | Bought a glowing broad axe for 91 gold pieces
 25713 | Bazaar   | Bought a scroll of immolation for 66 gold pieces
 25713 | Bazaar   | Bought a scroll of teleportation for 57 gold pieces
 25713 | Bazaar   | Bought a potion of invisibility for 152 gold pieces
 25713 | Bazaar   | Bought a runed copper ring for 95 gold pieces
 25765 | Vaults:1 | Bought a scroll of brand weapon for 340 gold pieces
 25765 | Vaults:1 | Bought a potion of curing for 51 gold pieces
 26127 | Lair:6   | Noticed Snorg
 26136 | Lair:6   | Killed Snorg
 26169 | Slime:1  | Entered Level 1 of the Pits of Slime
 26208 | Slime:1  | Gained mutation: Your spells are a little easier to cast,
                  | but a little less powerful. [a shining eye]
 26251 | Slime:2  | HP: 5/165 [azure jelly (4)]
 26251 | Slime:2  | Slain by an azure jelly

Levels and vault maps discovered:
D:1:      minmay_arrival_four_houses, layout_loops_corners, serial_park_tiny_2,
          dk_noncrumbling_3
D:2:      layout_basic
D:3:      kb_forest_paths, layout_basic, chequers_serial_rivers_small_a,
          uniq_terence
D:4:      layout_rooms, gammafunk_ghost_mausoleum, uniq_eustachio
D:5:      layout_basic, first_ration, grunt_ministairs_1
D:6:      layout_basic, minmay_temple_entry_butterflies, minmay_misc_feat_doors,
          palyth_stone_intersect, lemuel_flamethrower_1
D:7:      layout_basic, uniq_menkaure
D:8:      lemuel_insect_pit, layout_basic, minmay_lair_entry_grove,
          serial_shops, nicolae_shop_temple_entry_statues_fountains,
          basic_altar, uniq_erica
D:9:      layout_rooms, zin_scriptorium, nicolae_overflow_crystal_walls
D:10:     layout_cave_pools, gammafunk_ghost_split, blue_anna_alchemist
          [blue_anna_fruit_fields, blue_anna_fruit_fields], nicolae_sextant
D:11:     gammafunk_beogh_shrine, layout_gridville,
          minmay_orc_entry_temple_small
D:12:     layout_basic, serial_park_tiny_1
D:13:     layout_roguey, david_vaults_2
D:14:     layout_stronghold, gammafunk_ghost_arena, zin_angel, serial_shops,
          bzr_in_the_mist, kennysheep_flooded_box
Temple:   regret_index_temple_chain_breaker
Lair:1:   layout_cave_pods, grunt_megastairs_4
Lair:2:   layout_loops_ring, nicolae_spider_entry_tight_spaces, minivault_29,
          lemuel_fruit_fields, serial_bayou_shore_a
Lair:3:   layout_long_grid, bh_chokoban
Lair:4:   layout_gridlike, nicolae_swamp_entry_splash_gauntlet,
          lemuel_fruit_tree
Lair:5:   layout_layer_cave, infiniplex_staircase_pool_2, lemuel_fruit_fields,
          grunt_megastairs_3
Lair:6:   wormcave, layout_regular_city, minmay_slime_entry_jelly_boxes,
          portal_ice_cave_entry_pillars_2, st_stairs_7,
          bobbens_dragon_lair_wall, uniq_snorg, uniq_kirke
Swamp:1:  layout_basic_swamp, hangedman_swamp_ruin_hall, uniq_aizul
Swamp:2:  layout_falls_marsh, evilmike_swamp_ruin_house_2
Swamp:3:  layout_falls_marsh, evilmike_swamp_ruin_house_6
Swamp:4:  swamp_fiery, layout_basic_swamp, swamp_pool2, nicolae_swamp_godswood,
          water_boxes_lemuel
Spider:1: layout_spider_delve, drop_trap
Spider:2: layout_spider_delve
Spider:3: layout_spider_delve, drop_trap, uniq_arachne
Spider:4: spider_rune_water
Slime:1:  layout_caves
Slime:2:  layout_caves
Orc:1:    layout_diamond_mine, gammafunk_ghost_berserking_beasts,
          nicolae_orc_lost_temple, uniq_gastronok, uniq_nergalle
Orc:2:    grunt_orc_community_town_hall, layout_caves,
          grunt_orc_community_big_house_1, grunt_orc_community_big_house_2,
          grunt_orc_community_house_2, grunt_orc_community_house_2,
          grunt_orc_community_house_1, grunt_orc_community_house_2,
          grunt_orc_community_house_1, grunt_orc_community_house_2, uniq_urug
Vaults:1: nicolae_vaults_triangles, v_misc_5, ontoclasm_vaults_gallery,
          nicolae_vaults_circle_grid_b, v_misc_12, nicolae_vaults_shelves_hall,
          ontoclasm_vaults_eye, v_misc_31,
          vaults_standard_mumra_enter_the_diamond,
          nicolae_vaults_little_squares_6, layout_vaults_omnicross,
          serial_shops, bzr_entry_customers, shop, shop_fountains,
          nicolae_shop_waterfront, nicolae_shop_crystal
